Map: Ruines d’Endion

Players

zidar

  • Race: Zerg Zerg
  • League: Gold
  • Spawn Location: 5:00

elecME - Winner!

  • Race: Terran Terran
  • League: Gold
  • Spawn Location: 7:00

VOD

Have the link to the VOD?

Description

Time

  • Played on: June 19, 2016, 11:37 a.m.
  • Length: 6:16
Show
View Real Time Build Order
Export as new Build Order

zidar Zerg 

Build Orders: Hatch First 

Get SALT Encoding   

  12  0:01  Drone  
  13  0:14  Overlord  
  13  0:18  Drone  
  14  0:32  Drone x2  
  16  0:52  Hatchery  
  16  0:55  Drone  
  16  1:00  Extractor, Drone  
  16  1:18  Spawning Pool  
  16  1:19  Drone  
  16  1:24  Drone  
  17  1:37  Overlord  
  17  1:46  Drone  
  18  1:49  Drone  
  19  2:05  Queen x2  
  23  2:11  Overlord  
  23  2:25  Drone x3  
  26  2:31  Drone x3  
  29  2:50  Baneling Nest, Drone  
  29  2:51  Drone x2  
  31  2:54  Extractor  
  31  2:56  Pneumatized Carapace  
  30  2:58  Metabolic Boost  
  30  3:03  Drone  
  31  3:06  Drone  
  32  3:28  Zergling x6  
  32  3:29  Zergling x2  
  32  3:31  Overlord x3  
  36  3:37  Lair  
  36  4:04  Evolution Chamber  
  36  4:06  Drone x9  
  44  4:11  Evolution Chamber  
  43  4:18  Drone x2  
  43  4:23  Queen  
  47  4:27  Extractor  
  47  4:29  Drone x2  
  47  4:30  Drone x2  
  50  4:40  Spire, Baneling  
  50  4:41  Baneling  
  50  4:44  Zergling x2  
  45  4:55  Zergling x16  
  49  5:10  Spine Crawler  
  35  5:23  Zergling x6  
  36  5:41  Zergling x8  
  36  5:57  Zergling x2  
  36  5:58  Zergling x8  
Show
View Real Time Build Order
Export as new Build Order

elecME Terran - Winner!

Build Orders: 1/1/1 

Get SALT Encoding   

  12  0:01  SCV  
  13  0:17  Supply Depot  
  13  0:18  SCV  
  14  0:30  SCV  
  15  0:40  Barracks  
  15  0:42  SCV  
  16  0:48  Refinery  
  16  0:54  Refinery  
  16  0:55  SCV  
  17  1:07  SCV  
  18  1:27  Orbital Command  
  18  1:28  Supply Depot  
  18  1:29  Marine  
  19  1:40  Factory  
  19  1:46  Marine  
  20  1:56  SCV  
  21  2:04  Marine  
  21  2:08  SCV  
  23  2:20  SCV  
  23  2:22  Marine  
  25  2:24  Factory Tech Lab  
  25  2:27  Starport  
  25  2:40  Supply Depot  
  25  2:43  Siege Tank  
  28  2:46  Marine  
  29  3:04  Marine  
  29  3:05  Medivac  
  32  3:10  Supply Depot  
  32  3:15  Siege Tank  
  35  3:21  Marine  
  36  3:34  Supply Depot  
  36  3:35  Medivac  
  36  3:39  Marine  
  39  3:50  Siege Tank  
  42  3:56  Engineering Bay  
  42  3:57  Marine  
  42  4:02  Supply Depot  
  43  4:06  Medivac  
  45  4:15  Marine  
  46  4:33  Marine  
  47  4:50  Marine  
  48  5:03  Command Center  
  48  5:15  Siege Tank  
  48  5:16  Marine  
  48  5:20  Viking  
  49  5:34  Marine  
  53  5:52  Marine  
Tags
 
Add a new tag
Caveats
  • Supply blocks, unpowered buildings, or Contaminate may cause inaccurate times.
  • Supply counts are checked every 10 seconds.